 Dungeon Crawl Stone Soup version 0.30.1-9-gdf580d7c3d (webtiles) character file.

Game seed: 12764787683688685465

30 Ijustatesigmund the Digger (level 3, -1/20 HPs)
             Began as a Gargoyle Earth Elementalist on Oct 10, 2023.
             Slain by a gnoll
             ... wielding a +1 flail of protection
              (12 damage)
             ... on level 2 of the Dungeon.
             The game lasted 00:02:30 (870 turns).

Ijustatesigmund the Digger (GrEE)                    Turns: 870, Time: 00:02:30

Health: -1/20      AC:  5    Str: 11    XL:     3   Next: 20%
Magic:  6/6        EV: 11    Int: 17    God:
Gold:   11         SH:  0    Dex: 10    Spells: 2/6 levels left

rFire   . . .        g - +2 spear (venom)
rCold   . . .        (no shield)
rNeg    + . .        a - +0 robe
rPois   ∞            (no helmet)
rElec   +            (no cloak)
rCorr   .            (no gloves)
SInv    .            (no boots)
Will    .....        (no amulet)
Stlth   ++           (no ring)
HPRegen 0.23/turn    (no ring)
MPRegen 0.10/turn

%: no passive effects
@: very slightly contaminated
A: sickness immunity, AC +3, negative energy resistance 1, electricity
resistance, torment resistance 1, petrification resistance
a: no special abilities


You were on level 2 of the Dungeon.
You visited 1 branch of the dungeon, and saw 2 of its levels.

You collected 47 gold pieces.
You spent 36 gold pieces at shops.

Inventory:

Hand Weapons
 e - a +0 whip
 g - a +2 spear of venom (weapon)
Armour
 a - a +0 robe (worn)
Scrolls
 f - a scroll of immolation {unknown}
 j - 2 scrolls of enchant weapon {unknown}
 l - a scroll of teleportation
Potions
 c - 2 potions of curing
 d - a potion of mutation {unknown}
 h - 2 potions of lignification
 i - a potion of attraction {unknown}
 k - a potion of resistance {unknown}


   Skills:
 + Level 1.4 Fighting
 - Level 1.5 Dodging
 - Level 2.1 Stealth
 + Level 2.4 Spellcasting
 * Level 0.3 Conjurations
 - Level 0.7 Transmutations
 + Level 4.1 Earth Magic


You had 2 spell levels left.
You knew the following spells:

 Your Spells              Type           Power      Damage    Failure   Level
a - Sandblast             Erth           32%        2d9       3%          1
b - Stone Arrow           Conj/Erth      18%        3d8       22%         3

Your spell library contained the following spells:

 Spells                   Type           Power      Damage    Failure   Level
 Passwall                 Tmut/Erth      8%         N/A       11%         2
 Petrify                  Tmut/Erth      10%        N/A       56%         4


Dungeon Overview and Level Annotations

Branches:
Dungeon (2/15)

Altars:

Shops:
D:1 *


Innate Abilities, Weirdness & Mutations

You are immune to sickness and miasma.
Your stone body is resilient. (AC +3)
You are immune to poison.
You resist negative energy. (rN+)
You are resistant to electric shocks. (rElec)
You are resistant to unholy torment.
You are immune to petrification.


Message History

There is a stone staircase leading up here.
The goblin hits the plant with a +0 dagger.
The plant begins to die.
Casting: Sandblast (safe; 3% risk of failure)
Confirm with . or Enter, or press ? or * to list all spells.
The spell is extremely dangerous to miscast (22% risk of failure)!
Continue anyway? [Y]es or [N]o only, please.
The spell is extremely dangerous to miscast (22% risk of failure)!
Continue anyway?
Aiming: Stone Arrow (extremely dangerous; 22% risk of failure)
Press: ? - help, Shift-Dir - straight line, f - gnoll
Aim: a gnoll, wielding a +1 flail of protection (69% to hit)
You miscast Stone Arrow.
You are very lightly contaminated with residual magic.
Nothing appears to happen.
Casting: Stone Arrow (extremely dangerous; 22% risk of failure)
Confirm with . or Enter, or press ? or * to list all spells.
Aiming: Sandblast (safe; 3% risk of failure)
Press: ? - help, Shift-Dir - straight line, f/p - gnoll
Aim: a gnoll, wielding a +1 flail of protection (84% to hit)
The blast of sand hits the gnoll but does no damage.
The gnoll hits you with a +1 flail of protection.
Casting: Sandblast (safe; 3% risk of failure)
Confirm with . or Enter, or press ? or * to list all spells.
Aiming: Sandblast (safe; 3% risk of failure)
Press: ? - help, Shift-Dir - straight line, f/p - gnoll
Aim: a gnoll, wielding a +1 flail of protection (84% to hit)
The blast of sand hits the gnoll but does no damage.
A nearby plant withers and dies.
The gnoll closely misses you. The gnoll completely misses you.
Casting: Sandblast (safe; 3% risk of failure)
Confirm with . or Enter, or press ? or * to list all spells.
Aiming: Sandblast (safe; 3% risk of failure)
Press: ? - help, Shift-Dir - straight line, f/p - gnoll
Aim: a gnoll, wielding a +1 flail of protection (84% to hit)
The blast of sand hits the gnoll but does no damage.
The gnoll hits you with a +1 flail of protection.
Magic courses through your body.
The gnoll hits you with a +1 flail of protection!
Ouch! That really hurt!
You die...

##.#....#.♣...♣♣....♣# .
#.##..#..P..~.♣~~...P# ..
#.##..#...♣~♣~~~~..♣#
...#.##..#.†.~.~~~~....#
.....J.......~~~♣~~.P♣##
...###.$.#..JP.~~~..P####
.. ##....#g..♣gJ.P......
. #....[.###g#########
#....### #@....# #..###
#####.# #..# #..# ...#
..... ......


You could see a gnoll, an endoplasm and a goblin.

Vanquished Creatures
  6 bats
  3 endoplasms (D:1)
  A giant cockroach (D:1)
  4 goblins (D:1)
  2 hobgoblins
  A quokka (D:1)
  6 ball pythons (D:1)
  2 frilled lizards (D:1)
  A kobold (D:1)
  2 rats (D:1)
28 creatures vanquished.

Notes
Turn   | Place    | Note
-------+----------+-------------------------------------------
     0 | D:1      | Ijustatesigmund the Gargoyle Earth Elementalist began the
                  | quest for the Orb.
     0 | D:1      | Reached XP level 1. HP: 10/10 MP: 3/3
   118 | D:1      | Reached XP level 2. HP: 9/16 MP: 0/5
   346 | D:1      | Reached skill level 1 in Fighting
   410 | D:1      | Reached skill level 4 in Earth Magic
   609 | D:1      | Reached XP level 3. HP: 20/20 MP: 4/6
   613 | D:1      | Learned a level 3 spell: Stone Arrow
   745 | D:1      | Found Naonnuw's General Store.
   748 | D:1      | Bought a scroll of teleportation for 36 gold pieces
   870 | D:2      | Slain by a gnoll

Illustrated notes

Levels and vault maps discovered:
D:1:      minmay_arrival_jagged, layout_basic, serial_shops,
          nicolae_shop_tiny_real_fake_doors
D:2:      layout_loops_ring, hangedman_decor_growths, serial_bayou_pond_a,
          uniq_jessica, uniq_robin

Skill      XL: |  1  2 |
---------------+-------+-----
Fighting       | 1 |  1.4
Earth Magic    | 4 |  4.1
Dodging        | |  1.5
Stealth        | |  2.1
Spellcasting   | |  2.4
Conjurations   | |  0.3
Transmutations | |  0.7

Action                     || total
---------------------------++-------
  Melee: Whip              ||     7
         Spear             ||     1
   Cast: Sandblast         ||    31
    Use: Scroll            ||     2
         Potion            ||     1
 Armour: Robe              ||     9
  Dodge: Dodged            ||    15
